[Event "Titled Tuesday Blitz April 12 Early 2022"]
[White "Bilan, Danila"]
[Black "Sanchez, Robert"]
[WhiteFideId "24161918"]
[BlackFideId "2034360"]
[WhiteElo "2164"]
[BlackElo "2383"]
[Result "0-1"]
[Round "07"]
[TimeControl "180+1"]
[Date "2022.04.13"]
[WhiteClock "0:00:03"]
[BlackClock "0:00:16"]

1. d4 d5 2. Nf3 c6 3. c4 Nf6 4. Nc3 dxc4 5. a4 Bf5 6. e3 e6 7. Bxc4 Bb4 8. O-O O-O 9. Qe2 Bg6 10. Ne5 Bh5 11. f3 Nbd7 12. g4 Bg6 13. Nxg6 hxg6 14. Rd1 Qc7 15. Bd2 a5 16. Be1 e5 17. Bg3 Bd6 18. d5 Nxd5 19. Bxd5 cxd5 20. Rxd5 Bb4 21. Rad1 Nf6 22. Bxe5 Qc6 23. R5d3 Bxc3 24. Rxc3 Qxa4 25. Bxf6 gxf6 26. Rd6 Rad8 27. Rxf6 Rd1+ 28. Kg2 Qa1 29. Rc2 Rg1+ 30. Kf2 Rh1 31. Kg3 Kg7 32. Rd6 Rh8 33. Kf4 Qa4+ 34. Rc4 Qb5 35. Qc2 g5+ 36. Ke4 Re8+ 37. Kd3 Qe5 38. Rcd4 Qxe3+ 39. Kc4 Rc1 40. Qxc1 Qxc1+ 41. Kb5 Qxb2+ 42. Kxa5 Ra8+ 0-1


[Site "https://www.chess.com"]

[Event "Titled Tuesday Blitz April 12 Early 2022"]
[White "Biletskiy, Danylo"]
[Black "Gaehwiler, Gabriel"]
[WhiteFideId "14155419"]
[BlackFideId "1314530"]
[WhiteElo "2617"]
[BlackElo "2791"]
[Result "1-0"]
[Round "07"]
[TimeControl "180+1"]
[Date "2022.04.13"]
[WhiteClock "0:00:06"]
[BlackClock "0:00:23"]

1. e4 c5 2. Nf3 d6 3. Bb5+ Bd7 4. Bxd7+ Qxd7 5. O-O Nc6 6. Re1 Nf6 7. c3 e6 8. d4 cxd4 9. cxd4 d5 10. e5 Ne4 11. Nbd2 Nxd2 12. Bxd2 Be7 13. Rc1 O-O 14. Qb3 Rfc8 15. a3 b6 16. Rc2 Na5 17. Bxa5 Rxc2 18. Qxc2 bxa5 19. Rc1 Bd8 20. Qc6 Qxc6 21. Rxc6 Rb8 22. g3 Kf8 23. Rc2 Ke8 24. Kf1 Bb6 25. Ke2 Ke7 26. Kd3 h6 27. Nd2 Bd8 28. b3 Kd7 29. Rc3 Ke7 30. Rc6 Kd7 31. Rc2 Be7 32. Ra2 Rc8 33. b4 axb4 34. axb4 Bxb4 35. Rxa7+ Ke8 36. Rb7 Ba5 37. Rb5 Bd8 38. Rb1 Ba5 39. Rb5 Bd8 40. Nb3 Ra8 41. Nc5 Be7 42. Nb3 Rc8 43. Rb7 g6 44. h3 Ra8 45. Nd2 Bd8 46. Rb5 Ra3+ 47. Rb3 Ra4 48. Rb5 Kd7 49. Rb8 Ra3+ 50. Rb3 Ra7 51. Rc3 Rb7 52. Rb3 Rc7 53. Rc3 Ra7 54. Rb3 Be7 55. Rb5 h5 56. Rb3 Ke8 57. f4 Ra8 58. Rb1 Ra3+ 59. Rb3 Ra7 60. Rb1 Bd8 61. Rb8 Kd7 62. Rb5 Kc6 63. Rb3 Bb6 64. Rc3+ Kd7 65. Rb3 Kc7 66. Rc3+ Kb7 67. Rb3 Ra4 68. Nf3 Kc6 69. g4 hxg4 70. hxg4 Ra1 71. Rb2 Ra3+ 72. Ke2 Kc7 73. Rc2+ Kd7 74. Rd2 Ba5 75. Rd3 Ra2+ 76. Ke3 Bd8 77. Rd2 Ra3+ 78. Rd3 Ra7 79. Rd2 Be7 80. Rd3 Ke8 81. Rd2 Rc7 82. Rd3 Kf8 83. Rd2 Kg7 84. Rd3 Rc8 85. Rd2 Rc1 86. Re2 Rc3+ 87. Kf2 Bd8 88. Re3 Rc2+ 89. Re2 Rc4 90. Rd2 Bb6 91. Rd3 Rc2+ 92. Ke3 Ba7 93. Rd2 Rc3+ 94. Rd3 Rc4 95. Ra3 Bb6 96. Rb3 Bd8 97. Nd2 Rc8 98. Nf3 Be7 99. Kd3 Rh8 100. Ke3 Rd8 101. Rb7 Kf8 102. Ra7 Rb8 103. Rc7 Bd8 104. Rc3 Ke8 105. Rd3 Rb2 106. Rd2 Rxd2 107. Kxd2 Ba5+ 108. Kd3 Ke7 109. Nh4 Bd8 110. f5 exf5 111. gxf5 Ke8 112. f6 Kd7 113. Ng2 Kc6 114. Ne3 Bb6 115. Ng4 Bd8 116. Nh6 Kd7 117. Nxf7 Bb6 118. Ng5 Ke8 119. e6 Bd8 120. f7+ Kf8 121. Nh7+ Kg7 122. f8=Q+ Kxh7 123. Qxd8 Kh6 124. Qh4+ 1-0


[Site "https://www.chess.com"]

[Event "Titled Tuesday Blitz April 12 Early 2022"]
[White "Bluebaum, Matthias"]
[Black "Shipov, Sergei"]
[WhiteFideId "24651516"]
[BlackFideId "4113624"]
[WhiteElo "2550"]
[BlackElo "2808"]
[Result "1-0"]
[Round "07"]
[TimeControl "180+1"]
[Date "2022.04.12"]
[WhiteClock "0:00:40"]
[BlackClock "0:00:50"]

1. d4 Nf6 2. c4 c5 3. d5 b5 4. cxb5 a6 5. bxa6 g6 6. Nc3 Bxa6 7. e4 Bxf1 8. Kxf1 d6 9. g3 Bg7 10. Kg2 O-O 11. Nf3 Qb6 12. Qe2 Qa6 13. Qc2 Nbd7 14. a4 c4 15. Nb5 Qb7 16. Be3 Ng4 17. Bd4 Bxd4 18. Nfxd4 f5 19. Qe2 Nge5 20. f4 Nd3 21. Nc6 Nf6 22. exf5 Kh8 23. Qf3 gxf5 24. b3 Nc5 25. bxc4 Nfe4 26. a5 e6 27. Rhb1 exd5 28. cxd5 Nd2 29. Qc3+ Qg7 30. Qxd2 Nb3 31. Rxb3 Qxa1 32. Qc3+ Qxc3 33. Rxc3 1-0


[Site "https://www.chess.com"]

[Event "Titled Tuesday Blitz April 12 Early 2022"]
[White "Bures, Vit"]
[Black "Piliczewski, Bogusz"]
[WhiteFideId "309052"]
[BlackFideId "1104144"]
[WhiteElo "2079"]
[BlackElo "1896"]
[Result "1-0"]
[Round "07"]
[TimeControl "180+1"]
[Date "2022.04.13"]
[WhiteClock "0:01:05"]
[BlackClock "0:01:23"]

1. d4 d5 2. c4 c6 3. Nc3 Nf6 4. e3 Bf5 5. cxd5 cxd5 6. Qb3 Qd7 7. Nf3 Nc6 8. Ne5 Qc7 9. Nxd5 Nxd5 10. Qxd5 e6 11. Qb5 Qa5+ 12. Qxa5 Nxa5 13. Bb5+ Ke7 14. Bd2 b6 15. Rc1 Kf6 16. Rc7 Bg6 17. Nd7+ Kf5 18. Bd3+ Kg4 19. Ne5+ Kh4 20. g3+ Kh5 21. Be2+ Kg5 22. e4+ Kf6 23. Ng4# 1-0


[Site "https://www.chess.com"]

[Event "Titled Tuesday Blitz April 12 Early 2022"]
[White "Buscar, Michael"]
[Black "Politov, Pavel Y."]
[WhiteFideId "2603616"]
[BlackFideId "24110515"]
[WhiteElo "2010"]
[BlackElo "2090"]
[Result "1-0"]
[Round "07"]
[TimeControl "180+1"]
[Date "2022.04.13"]
[WhiteClock "0:00:15"]
[BlackClock "0:00:01"]

1. Nf3 d5 2. c4 dxc4 3. Qa4+ Nd7 4. Qxc4 e6 5. g3 Ngf6 6. Bg2 a6 7. O-O b5 8. Qc2 Bb7 9. d3 c5 10. Bf4 Nd5 11. a4 Nxf4 12. gxf4 Bd6 13. e3 O-O 14. Nbd2 Nb6 15. Ne5 Bxg2 16. Kxg2 Bxe5 17. fxe5 Qg5+ 18. Kh1 Qxe5 19. Rg1 Nxa4 20. b3 Nb6 21. Nf3 Qf6 22. Ng5 Rfc8 23. d4 Qg6 24. Ne4 cxd4 25. Qd3 Qf5 26. Qxd4 f6 27. Nxf6+ Kh8 28. Rxg7 Kxg7 29. Nh5+ Kf8 30. Qg7+ Ke8 31. Nf6+ 1-0


[Site "https://www.chess.com"]

[Event "Titled Tuesday Blitz April 12 Early 2022"]
[White "Butti, Enrique"]
[Black "Almeida Junior, Alvaro Alves de"]
[WhiteFideId "3700470"]
[BlackFideId "2149974"]
[WhiteElo "2080"]
[BlackElo "2086"]
[Result "0-1"]
[Round "07"]
[TimeControl "180+1"]
[Date "2022.04.13"]
[WhiteClock "0:00:50"]
[BlackClock "0:00:04"]

1. d4 Nf6 2. Nf3 d5 3. c4 e6 4. e3 Be7 5. Nc3 O-O 6. b3 b6 7. Bb2 Bb7 8. Bd3 Nbd7 9. O-O c5 10. Qe2 Rc8 11. Rad1 Qc7 12. Ne5 dxc4 13. bxc4 Nxe5 14. dxe5 Nd7 15. f4 Rfd8 16. e4 a6 17. Nd5 exd5 18. exd5 Nf8 19. f5 f6 20. Rf3 fxe5 21. Bxe5 Bd6 22. Bb2 Re8 23. Re3 Bxh2+ 24. Kh1 Rxe3 25. Qxe3 Qg3 26. Qe7 Qc7 27. Qg5 Bf4 28. Qg4 Bh6 29. f6 Qf4 30. f7+ Qxf7 31. Rf1 Qe7 32. Qf5 Ng6 33. Qe6+ Qxe6 34. dxe6 Re8 35. Bf5 Bc8 36. Re1 Nf8 37. g4 Bxe6 38. Rd1 Bxf5 39. gxf5 Bf4 40. Rd7 Nxd7 41. Kg2 Be5 42. Bc1 Bd4 43. Bf4 Nf6 44. Bc7 b5 45. cxb5 axb5 46. Bb6 Rb8 0-1


[Site "https://www.chess.com"]

[Event "Titled Tuesday Blitz April 12 Early 2022"]
[White "Cagara, Paulina"]
[Black "Legenia, Artem"]
[WhiteFideId "1124870"]
[BlackFideId "14136945"]
[WhiteElo "1780"]
[BlackElo "1936"]
[Result "1-0"]
[Round "07"]
[TimeControl "180+1"]
[Date "2022.04.13"]
[WhiteClock "0:01:28"]
[BlackClock "0:01:06"]

1. e4 d5 2. exd5 Qxd5 3. Nc3 Qa5 4. d4 Nf6 5. Nf3 Bg4 6. h3 Bxf3 7. Qxf3 Nc6 8. Bb5 O-O-O 9. Bxc6 bxc6 10. Qxc6 Rxd4 11. Be3 Rd6 12. Qa8+ Kd7 13. O-O g6 14. Rad1 Bg7 15. Qxa7 Qxa7 16. Bxa7 Ra8 17. Bc5 Rxd1 18. Rxd1+ Ke8 19. a3 Nd7 20. Bd4 e5 21. Be3 f5 22. g3 e4 23. Nd5 Rb8 24. Nxc7+ Ke7 25. b4 Ne5 26. Bc5+ Kf7 27. Kg2 Nc4 28. a4 Be5 29. Rd7+ Kg8 30. a5 Rb7 31. Rd8+ Kf7 32. Nd5 Ke6 33. Nf4+ Kf7 34. a6 Rc7 35. a7 1-0


[Site "https://www.chess.com"]

[Event "Titled Tuesday Blitz April 12 Early 2022"]
[White "Calin, Alexandru"]
[Black "Madaminov, Mukhiddin"]
[WhiteFideId "1222961"]
[BlackFideId "14210703"]
[WhiteElo "2020"]
[BlackElo "1916"]
[Result "0-1"]
[Round "07"]
[TimeControl "180+1"]
[Date "2022.04.13"]
[WhiteClock "0:00:05"]
[BlackClock "0:00:06"]

1. d4 Nf6 2. Bg5 e6 3. e4 h6 4. Bxf6 Qxf6 5. c3 c5 6. Nf3 Nc6 7. d5 Ne5 8. Nbd2 Bd6 9. Nxe5 Bxe5 10. Qf3 Qe7 11. Be2 O-O 12. O-O Bc7 13. a4 b6 14. Nc4 Ba6 15. Rad1 exd5 16. exd5 Bxc4 17. Bxc4 Bxh2+ 18. Kxh2 Qh4+ 19. Qh3 Qxc4 20. Qxd7 Rfd8 21. Qf5 Rd6 22. Rfe1 Rad8 23. Re4 Qb3 24. Rde1 Kf8 25. Re7 Qxd5 26. Qxd5 Rxd5 27. Rxa7 Re8 28. Rxe8+ Kxe8 29. Rb7 Rd6 30. Kg3 Rf6 31. f3 g5 32. b4 cxb4 33. cxb4 Kf8 34. b5 Kg7 35. Rc7 Rf4 36. Rc6 Rxa4 37. Rxb6 Rb4 38. Rb8 Kg6 39. b6 h5 40. b7 h4+ 41. Kh2 Kf5 42. Kh3 Rb3 43. Kh2 Rb1 44. g3 Rb2+ 45. Kh3 hxg3 46. Kxg3 Rb3 47. Kf2 Kf4 48. Kg2 Rb2+ 49. Kg1 Kxf3 50. Rg8 Rb1+ 51. Kh2 Rb2+ 52. Kh3 Rxb7 53. Rxg5 Kf4 54. Rg4+ Kf3 55. Rg3+ Ke4 56. Rg4+ Ke3 57. Rg3+ Kf4 58. Rg4+ Kf5 59. Rg3 f6 60. Rf3+ Ke5 61. Kg3 f5 62. Ra3 Kf6 63. Kf3 Kg5 64. Rc3 Rh7 65. Kg2 Kg4 66. Rc4+ f4 67. Rc3 Ra7 68. Rc2 Ra3 69. Kf2 Rh3 70. Kg2 f3+ 71. Kg1 Kg3 72. Ra2 Rh7 0-1


[Site "https://www.chess.com"]

[Event "Titled Tuesday Blitz April 12 Early 2022"]
[White "Coto Mederos, Michel"]
[Black "Kavyev, Ruslan"]
[WhiteFideId "3508528"]
[BlackFideId "34110981"]
[WhiteElo "2538"]
[BlackElo "2702"]
[Result "1-0"]
[Round "07"]
[TimeControl "180+1"]
[Date "2022.04.13"]
[WhiteClock "0:00:21"]
[BlackClock "0:00:06"]

1. c4 Nf6 2. Nc3 g6 3. g3 Bg7 4. Bg2 O-O 5. e3 c5 6. Nge2 Nc6 7. d4 cxd4 8. exd4 d6 9. d5 Ne5 10. b3 Bg4 11. O-O Bf3 12. Be3 Qd7 13. Qd2 a6 14. Nd4 Bxg2 15. Kxg2 Rfc8 16. h3 h5 17. f4 Nxc4 18. bxc4 Rxc4 19. f5 Rac8 20. Rac1 b5 21. fxg6 fxg6 22. Ne6 b4 23. Ne2 Qb7 24. Rxc4 Rxc4 25. N2f4 Qc8 26. Nxg6 Qb7 27. Ngf4 Qc8 28. Rf2 Ne4 29. Qd3 Nxf2 30. Bxf2 Rc2 31. Qg6 Qc3 32. Qe8+ Kh7 33. Qxh5+ Kg8 34. Qe8+ Kh7 35. Ng5+ Kh6 36. Qg6# 1-0


[Site "https://www.chess.com"]

[Event "Titled Tuesday Blitz April 12 Early 2022"]
[White "Csonka, Balazs"]
[Black "Aaditya Dhingra"]
[WhiteFideId "742910"]
[BlackFideId "25678191"]
[WhiteElo "2404"]
[BlackElo "1849"]
[Result "1/2-1/2"]
[Round "07"]
[TimeControl "180+1"]
[Date "2022.04.13"]
[WhiteClock "0:00:05"]
[BlackClock "0:00:06"]

1. Nf3 c5 2. e4 e6 3. d4 cxd4 4. Nxd4 a6 5. Bd3 Bc5 6. Nb3 Be7 7. Qg4 g6 8. Qe2 d6 9. f4 Nc6 10. Nc3 Nf6 11. Bd2 Qc7 12. O-O-O b5 13. a3 b4 14. axb4 Nxb4 15. Kb1 Bb7 16. Nb5 axb5 17. Bxb4 O-O 18. Nd4 Ra4 19. c3 Rfa8 20. Nxb5 Qb6 21. Na3 Bf8 22. Kc1 d5 23. Bxf8 Kxf8 24. e5 Nd7 25. h4 Rxf4 26. Rdf1 Raa4 27. h5 Qc7 28. hxg6 hxg6 29. Rxf4 Rxf4 30. g3 Ra4 31. Bxg6 Nxe5 32. Bc2 Rxa3 33. bxa3 Qxc3 34. Qd2 Qa1+ 35. Bb1 Nc4 36. Qb4+ Kg7 37. Qxb7 Qxa3+ 38. Kc2 Ne3+ 39. Kd2 Nc4+ 40. Kc2 Ne3+ 41. Kd2 Nc4+ 42. Kc2 1/2-1/2


[Site "https://www.chess.com"]

[Event "Titled Tuesday Blitz April 12 Early 2022"]
[White "De Arruda, Leandro Formes"]
[Black "Bowden, Karl"]
[WhiteFideId "22722009"]
[BlackFideId "400548"]
[WhiteElo "1852"]
[BlackElo "2350"]
[Result "1-0"]
[Round "07"]
[TimeControl "180+1"]
[Date "2022.04.13"]
[WhiteClock "0:00:34"]
[BlackClock "0:00:12"]

1. d4 Nf6 2. Nf3 g6 3. g3 Bg7 4. Bg2 O-O 5. O-O Nc6 6. d5 Na5 7. Re1 c5 8. e4 d6 9. Nc3 Rb8 10. Qe2 a6 11. e5 Ng4 12. Bf4 b5 13. h3 Nxe5 14. Nxe5 dxe5 15. Bxe5 Bxe5 16. Qxe5 Bf5 17. b3 Re8 18. Qe3 Nb7 19. Rac1 Kg7 20. Ne4 Bxe4 21. Qxe4 Nd6 22. Qe5+ Kg8 23. Qe3 c4 24. Qa7 Ra8 25. Qc5 Qc8 26. Qd4 Qd7 27. h4 Rac8 28. h5 cxb3 29. axb3 Nf5 30. Qe5 Qd6 31. Qe4 Qf6 32. c4 bxc4 33. bxc4 Rc5 34. Bh3 Nd6 35. Qe2 Kg7 36. h6+ Kxh6 37. Qe3+ Qg5 38. Qxc5 1-0


[Site "https://www.chess.com"]

[Event "Titled Tuesday Blitz April 12 Early 2022"]
[White "De Souza, Cristiano Gomes"]
[Black "Mohammadian, Mohammad"]
[WhiteFideId "2151758"]
[BlackFideId "12566055"]
[WhiteElo "2068"]
[BlackElo "1544"]
[Result "1-0"]
[Round "07"]
[TimeControl "180+1"]
[Date "2022.04.13"]
[WhiteClock "0:02:15"]
[BlackClock "0:01:09"]

1. d4 Nf6 2. c4 g6 3. Nc3 d5 4. Bf4 Bg7 5. Nf3 c6 6. e3 O-O 7. Ne5 Nbd7 8. Be2 Nxe5 9. Bxe5 Ne4 10. Bxg7 Nxc3 11. bxc3 Kxg7 12. Rb1 f5 13. O-O Qc7 14. Qb3 e6 15. c5 e5 16. Qb2 exd4 17. c4 dxc4 18. Qxd4+ Kf7 19. Bxc4+ Be6 20. Rbd1 Bxc4 21. Qxc4+ Kg7 22. Rd6 Rad8 23. Rfd1 Rxd6 24. Rxd6 Rd8 25. Qd4+ Kg8 26. Rxd8+ Kf7 27. Rd7+ Qxd7 28. Qxd7+ Kf6 29. Qxb7 Kg5 30. Qxc6 h5 31. Qd6 h4 32. Qe7+ Kh5 33. c6 g5 34. c7 a5 35. c8=Q a4 36. Qxf5 h3 37. Qeh7# 1-0


[Site "https://www.chess.com"]

[Event "Titled Tuesday Blitz April 12 Early 2022"]
[White "Demchenko, Anton"]
[Black "Namitbir Singh Walia"]
[WhiteFideId "4160258"]
[BlackFideId "35071068"]
[WhiteElo "2539"]
[BlackElo "1565"]
[Result "1-0"]
[Round "07"]
[TimeControl "180+1"]
[Date "2022.04.13"]
[WhiteClock "0:01:35"]
[BlackClock "0:00:01"]

1. e4 c5 2. Nf3 Nc6 3. d4 cxd4 4. Nxd4 g6 5. Be3 Nf6 6. Nc3 Bg7 7. Bc4 Qa5 8. O-O O-O 9. h3 d6 10. Nf3 Bd7 11. Re1 Qb4 12. Bb3 Nxe4 13. Nd5 Qa5 14. Bf4 Nc5 15. Nxe7+ Nxe7 16. Rxe7 Bxb2 17. Bxd6 Nxb3 18. cxb3 Bf5 19. Be5 Rad8 20. Qe1 Qxe1+ 21. Rxe1 Bxe5 22. Nxe5 Rd2 23. a4 Rb8 24. Nxf7 Rb2 25. Nh6+ Kf8 26. Rf7# 1-0


[Site "https://www.chess.com"]

[Event "Titled Tuesday Blitz April 12 Early 2022"]
[White "Derjabin, Ilja"]
[Black "Moroni, Luca Jr"]
[WhiteFideId "14104768"]
[BlackFideId "865834"]
[WhiteElo "2341"]
[BlackElo "2573"]
[Result "0-1"]
[Round "07"]
[TimeControl "180+1"]
[Date "2022.04.12"]
[WhiteClock "0:00:07"]
[BlackClock "0:00:03"]

1. d4 g6 2. c4 Bg7 3. e4 d6 4. Nc3 c5 5. d5 Bxc3+ 6. bxc3 e5 7. Ne2 Qe7 8. Ng3 f5 9. exf5 gxf5 10. Bd3 Qf7 11. O-O Ne7 12. Qa4+ Kd8 13. Bg5 Kc7 14. Bxe7 Qxe7 15. Bxf5 Bxf5 16. Nxf5 Qd7 17. Qc2 Rf8 18. Ne3 Qg7 19. Rab1 Nd7 20. f3 Rf4 21. a4 Raf8 22. Kh1 Qg5 23. Qb2 b6 24. Qb5 Kd8 25. Qc6 Ke7 26. a5 Rh4 27. Rbe1 h5 28. axb6 Qg3 29. h3 Rxh3+ 30. gxh3 Qxh3+ 31. Kg1 Rg8+ 32. Ng4 hxg4 33. Rxe5+ dxe5 34. Qc7 Qg3+ 0-1


[Site "https://www.chess.com"]

[Event "Titled Tuesday Blitz April 12 Early 2022"]
[White "Devaev, Alexander"]
[Black "Khamdamova, Afruza"]
[WhiteFideId "4169395"]
[BlackFideId "14210444"]
[WhiteElo "2185"]
[BlackElo "1660"]
[Result "0-1"]
[Round "07"]
[TimeControl "180+1"]
[Date "2022.04.13"]
[WhiteClock "0:00:05"]
[BlackClock "0:00:11"]

1. d4 Nf6 2. c4 e6 3. Nc3 Bb4 4. e3 O-O 5. Bd3 b6 6. Ne2 Bb7 7. O-O c5 8. dxc5 Bxc5 9. b3 d5 10. Bb2 Nbd7 11. cxd5 Nxd5 12. Nxd5 Bxd5 13. Nf4 Bb7 14. Nh5 Qg5 15. Ng3 Rad8 16. Be4 Nf6 17. Bxb7 Rxd1 18. Raxd1 Ng4 19. Bf3 Qh4 20. Bxg4 Qxg4 21. Rd7 a5 22. Rfd1 h5 23. h3 Qg6 24. Ne2 h4 25. Nf4 Qc2 26. R7d2 Qf5 27. Rd7 b5 28. R7d2 a4 29. Nd3 Be7 30. Ne5 axb3 31. axb3 Ra8 32. Nf3 Bf6 33. Bxf6 Qxf6 34. Rd4 Ra2 35. Re4 g6 36. Red4 Rb2 37. b4 Qe7 38. Rd8+ Kg7 39. R8d7 Qf6 40. R7d4 e5 41. Rxh4 Qe7 42. Re4 f6 43. h4 Rxb4 44. Rxb4 Qxb4 45. Rd7+ Kf8 46. Rd1 Qb3 47. Rd2 Qb1+ 48. Kh2 b4 49. Rd6 Ke7 50. Rb6 b3 51. Rb7+ Kd8 52. Nd2 Qc2 53. Nxb3 Qxf2 54. Rb8+ Ke7 55. Rb7+ Kd6 56. Rb6+ Kc7 57. Re6 Qxh4+ 58. Kg1 Qe1+ 59. Kh2 Qxe3 60. Na5 Qf4+ 61. Kh1 Kd7 62. Ra6 Ke7 63. Ra7+ Kf8 64. Nc6 Qc1+ 65. Kh2 Qxc6 66. Ra8+ Qxa8 0-1


[Site "https://www.chess.com"]

[Event "Titled Tuesday Blitz April 12 Early 2022"]
[White "Wagner, Dinara"]
[Black "Sailer, Mike"]
[WhiteFideId "24157570"]
[BlackFideId "2012901"]
[WhiteElo "2216"]
[BlackElo "2109"]
[Result "1-0"]
[Round "07"]
[TimeControl "180+1"]
[Date "2022.04.13"]
[WhiteClock "0:01:16"]
[BlackClock "0:00:01"]

1. d4 d5 2. c4 Bf5 3. cxd5 Bxb1 4. Rxb1 Qxd5 5. Nf3 Nc6 6. e3 O-O-O 7. Qc2 Qxa2 8. Bc4 Qa5+ 9. Bd2 Qh5 10. b4 e6 11. b5 Nb8 12. Ne5 Nh6 13. Be2 Qf5 14. e4 Qf6 15. Rc1 Bd6 16. Nf3 Qe7 17. e5 Bb4 18. O-O Bxd2 19. Nxd2 Rxd4 20. Nb3 Rd5 21. Nc5 Rhd8 22. Bf3 Rxc5 23. Qxc5 Qxc5 24. Rxc5 Nd7 25. Rc3 Nxe5 26. Rfc1 Nxf3+ 27. Rxf3 Rd7 28. h3 Nf5 29. Kf1 Nd4 30. Ra3 Nxb5 31. Rg3 g6 32. h4 h5 33. Rf3 Kd8 34. g3 a6 35. Rc4 Ke7 36. Rcf4 Ke8 37. Rc4 c6 38. Kg2 a5 39. Rb3 Kd8 40. Rb1 Rd5 41. Ra1 Nd6 42. Rc2 Kc7 43. f3 b6 44. g4 hxg4 45. fxg4 Nb7 46. Rh1 a4 47. h5 gxh5 48. gxh5 Rg5+ 49. Kf3 Nd6 50. h6 Rg8 51. h7 Rh8 52. Kf4 Nf5 53. Ke5 Ne7 54. Kf6 Nf5 55. Kxf7 1-0


[Site "https://www.chess.com"]

[Event "Titled Tuesday Blitz April 12 Early 2022"]
[White "Dubov, Daniil"]
[Black "Shimanov, Aleksandr"]
[WhiteFideId "24126055"]
[BlackFideId "4198603"]
[WhiteElo "2791"]
[BlackElo "2636"]
[Result "1-0"]
[Round "07"]
[TimeControl "180+1"]
[Date "2022.04.12"]
[WhiteClock "0:00:03"]
[BlackClock "0:00:03"]

1. d4 Nf6 2. Nf3 g6 3. c4 Bg7 4. Nc3 O-O 5. Bg5 d6 6. e3 Nbd7 7. Be2 e5 8. O-O Re8 9. Qc2 exd4 10. Nxd4 Nc5 11. Rfd1 Ne6 12. Bh4 Nxd4 13. Rxd4 h6 14. Rad1 b6 15. Bf3 Rb8 16. Bc6 Bd7 17. Qa4 Bxc6 18. Qxc6 Qd7 19. Qf3 Nh7 20. R4d3 Ng5 21. Bxg5 hxg5 22. h3 Bxc3 23. Rxc3 Re5 24. Rd5 Rbe8 25. b3 a5 26. Rcd3 Qe6 27. g4 Kg7 28. Kg2 Qf6 29. Rxe5 Qxf3+ 30. Kxf3 Rxe5 31. a3 f5 32. b4 Kf6 33. Rc3 Ke6 34. Kg3 Re4 35. f3 Re5 36. f4 gxf4+ 37. exf4 Re4 38. Kh4 Kf6 39. bxa5 bxa5 40. Kg3 a4 41. c5 d5 42. c6 d4 43. Rc5 Re3+ 44. Kh4 Rxa3 45. Rd5 d3 46. g5+ Ke6 47. Rxd3 Rb3 48. Rd7 Rf3 49. Rxc7 Rxf4+ 50. Kg3 Rc4 51. Ra7 Rc3+ 52. Kg2 Rxc6 53. Rxa4 Ke5 54. Kg3 Rc3+ 55. Kh4 Re3 56. Ra5+ Kf4 57. Ra6 Kf3 58. Rxg6 f4 59. Rf6 Re8 60. g6 Rh8+ 61. Kg5 1-0


[Site "https://www.chess.com"]

[Event "Titled Tuesday Blitz April 12 Early 2022"]
[White "Dushyant Sharma"]
[Black "Lauridsen, Jesper Morch"]
[WhiteFideId "25065130"]
[BlackFideId "1401890"]
[WhiteElo "2105"]
[BlackElo "2319"]
[Result "1-0"]
[Round "07"]
[TimeControl "180+1"]
[Date "2022.04.13"]
[WhiteClock "0:00:13"]
[BlackClock "0:00:02"]

1. e4 c5 2. Nf3 e6 3. d4 cxd4 4. Nxd4 Nc6 5. Nc3 Qc7 6. f4 Nxd4 7. Qxd4 b6 8. Qd1 Bb7 9. Bd3 Bb4 10. O-O Bxc3 11. bxc3 Qxc3 12. Rb1 Ne7 13. Bb2 Qc5+ 14. Kh1 O-O 15. Qg4 f6 16. Rf3 Rf7 17. Rg3 Kh8 18. Qh4 f5 19. Rh3 Kg8 20. Qxh7+ Kf8 21. Rg3 Qf2 22. Bxg7+ Ke8 23. Qh8+ Ng8 24. Qxg8+ Ke7 25. Qh7 fxe4 26. Bxe4 Rg8 27. Bxb7 Qxf4 28. Rf3 Qc4 29. Rxf7+ Kxf7 30. Be5+ Kf8 31. Bd6+ 1-0


[Site "https://www.chess.com"]

[Event "Titled Tuesday Blitz April 12 Early 2022"]
[White "Dwilewicz, Katarzyna"]
[Black "Sztokbant, Bernardo Vainzoff"]
[WhiteFideId "1148486"]
[BlackFideId "2115956"]
[WhiteElo "1907"]
[BlackElo "2225"]
[Result "0-1"]
[Round "07"]
[TimeControl "180+1"]
[Date "2022.04.13"]
[WhiteClock "0:00:55"]
[BlackClock "0:00:51"]

1. e4 c5 2. Nf3 d6 3. d4 cxd4 4. Nxd4 Nf6 5. Nc3 e6 6. g3 Be7 7. Bg2 O-O 8. a4 a6 9. O-O Nc6 10. Nxc6 bxc6 11. e5 dxe5 12. Bxc6 Rb8 13. Bg2 Qc7 14. Qe2 h6 15. Re1 Nd7 16. Rb1 Bb7 17. Bxb7 Qxb7 18. b3 Rfc8 19. Bb2 Bb4 20. Ne4 Bxe1 21. Nd6 Qc7 22. Nxc8 Bxf2+ 23. Kxf2 Rxc8 24. c4 Nf6 25. Kg1 Qb6+ 26. Kg2 Qxb3 27. Qxe5 Qc2+ 0-1


[Site "https://www.chess.com"]

[Event "Titled Tuesday Blitz April 12 Early 2022"]
[White "Efremova, Yulia"]
[Black "Winkels, Marcel"]
[WhiteFideId "14113953"]
[BlackFideId "1003887"]
[WhiteElo "2107"]
[BlackElo "1900"]
[Result "1-0"]
[Round "07"]
[TimeControl "180+1"]
[Date "2022.04.13"]
[WhiteClock "0:01:10"]
[BlackClock "0:00:39"]

1. d4 Nf6 2. Bf4 d5 3. e3 Bf5 4. Nf3 e6 5. Bd3 Bxd3 6. cxd3 Nbd7 7. Nbd2 Bd6 8. Ne5 O-O 9. Qf3 Be7 10. g4 Nxe5 11. dxe5 Nd7 12. g5 c5 13. h4 Qb6 14. h5 Qxb2 15. Rb1 Qc3 16. Rb3 Qa1+ 17. Ke2 Qxa2 18. g6 fxg6 19. hxg6 h6 20. Qg4 Qa6 21. Bxh6 c4 22. dxc4 dxc4 23. Rc3 Bb4 24. Bxg7 Kxg7 25. Rh7+ Kg8 26. Rh8+ Kg7 27. Rh7+ Kg8 28. Qh5 Rxf2+ 29. Kxf2 Nf8 30. Rh8+ Kg7 31. Qh6# 1-0


[Site "https://www.chess.com"]

[Event "Titled Tuesday Blitz April 12 Early 2022"]
[White "Estrada Nieto, Julian"]
[Black "Kejzar, Petra"]
[WhiteFideId "5101018"]
[BlackFideId "14610213"]
[WhiteElo "2252"]
[BlackElo "2003"]
[Result "1-0"]
[Round "07"]
[TimeControl "180+1"]
[Date "2022.04.13"]
[WhiteClock "0:00:15"]
[BlackClock "0:00:01"]

1. e4 c5 2. Nf3 e6 3. c3 Nf6 4. e5 Nd5 5. Bc4 d6 6. d4 cxd4 7. cxd4 Be7 8. O-O O-O 9. Qe2 b6 10. Bxd5 exd5 11. Rd1 Nd7 12. Nc3 Bb7 13. Bf4 Re8 14. Qd2 Nf8 15. Nb5 Ng6 16. exd6 Nxf4 17. Qxf4 Qd7 18. dxe7 Qxb5 19. Qc7 Qc6 20. Rac1 Qxc7 21. Rxc7 Bc8 22. h3 f6 23. Re1 Kf7 24. Nd2 Be6 25. f4 g6 26. Rec1 Rac8 27. Kf2 Rxc7 28. Rxc7 Rxe7 29. Rxe7+ Kxe7 30. Ke3 Kd6 31. Nb1 Bf5 32. Nc3 h5 33. Nb5+ Ke7 34. Nxa7 Bd7 35. b3 Kd6 36. a4 Kc7 37. Kd3 Kb7 38. Nb5 Ka6 39. Nc3 Bf5+ 40. Kd2 Be6 41. b4 Bd7 42. Ke3 Be6 43. Kf3 Kb7 44. g4 hxg4+ 45. hxg4 g5 46. Ne2 Bf7 47. Ng3 Kc6 48. Nf5 1-0


[Site "https://www.chess.com"]

[Event "Titled Tuesday Blitz April 12 Early 2022"]
[White "Ferreira, Vitor Hugo Vieira"]
[Black "Aitbayev, Aslan"]
[WhiteFideId "2119765"]
[BlackFideId "13704613"]
[WhiteElo "2165"]
[BlackElo "2385"]
[Result "0-1"]
[Round "07"]
[TimeControl "180+1"]
[Date "2022.04.12"]
[WhiteClock "0:00:10"]
[BlackClock "0:00:17"]

1. d4 d6 2. e4 Nf6 3. Nc3 g6 4. Nf3 Bg7 5. Be2 O-O 6. O-O a6 7. a4 b6 8. h3 Bb7 9. d5 c6 10. Bg5 cxd5 11. exd5 Nbd7 12. Re1 Re8 13. Qd2 Rc8 14. Nd4 Ne5 15. Nf3 Nc4 16. Qc1 Nxd5 17. Bxc4 Rxc4 18. Nd2 Rc8 19. Nxd5 Bxd5 20. c4 Be6 21. Ra3 b5 22. axb5 axb5 23. b3 Qb6 24. Be3 Qc6 25. Ra7 bxc4 26. bxc4 Bxc4 27. Nf3 Bd5 28. Qd1 Bxf3 29. gxf3 Bf6 30. Kg2 Ra8 31. Rxa8 Rxa8 32. Bd4 Bxd4 33. Qxd4 e5 34. Qd3 Ra4 35. Rb1 Kg7 36. Qb3 Rf4 37. Rd1 e4 38. fxe4 Qxe4+ 39. Kg1 Rf5 40. Qc3+ Kh6 41. Qd2+ Rg5+ 42. Kf1 Qg2+ 43. Ke2 Qxh3 44. Qxd6 Qh5+ 45. Kf1 Qh1+ 46. Ke2 Qe4+ 47. Kf1 Rh5 48. Qd2+ Kg7 49. Qc3+ Qe5 50. Qc6 Qb5+ 51. Qxb5 Rxb5 52. Kg2 Rf5 53. Kg3 h5 54. f4 Rb5 55. Rd3 Rb1 56. Kf3 Rg1 57. Kf2 Rh1 58. Kg2 Ra1 59. Kf3 Ra5 60. Rd7 Rf5 61. Ke4 Kh6 62. Rd8 Rf6 63. Rh8+ Kg7 64. Rd8 Re6+ 65. Kf3 Kf6 66. Rd2 Rb6 67. Rd7 Rb3+ 68. Kf2 Ke6 69. Ra7 f6 70. Ra5 Rd3 71. Kg2 Rd5 72. Ra4 Kf5 73. Kf3 Rd3+ 74. Ke2 Rb3 75. Kf2 h4 76. Kg2 h3+ 77. Kh2 Rf3 78. Ra5+ Kg4 79. Ra6 Rf2+ 80. Kh1 Rxf4 81. Ra1 g5 82. Rg1+ Kh4 83. Ra1 g4 84. Ra4 Rxa4 85. Kg1 Ra2 0-1


[Site "https://www.chess.com"]